 Dungeon Crawl Stone Soup version 0.22.1-2-g9c5b331 (console) character file.

2214 Goblin1989 the Cleaver (level 9, -1/78 HPs)
             Began as a Deep Dwarf Fighter on Dec 28, 2018.
             Was a Follower of Makhleb.
             Slain by a manticore (11 damage)
             ... on level 8 of the Dungeon.
             The game lasted 00:18:28 (5482 turns).

Goblin1989 the Cleaver (Deep Dwarf Fighter)         Turns: 5482, Time: 00:18:29

Health: -1/78      AC: 14    Str: 22    XL:     9   Next: 13%
Magic:  9/9        EV:  6    Int: 10    God:    Makhleb [*.....]
Gold:   478        SH: 11    Dex: 12    Spells: 8/8 levels left

rFire    . . .     SeeInvis +   a - +0 war axe
rCold    . . .     Gourm    .   c - +1 shield
rNeg     . . .     Faith    .   T - +0 plate armour
rPois    .         Spirit   .   (no helmet)
rElec    .         Reflect  .   F - +0 cloak
rCorr    .         Harm     .   (no gloves)
MR       +....                  R - +0 pair of boots
Stlth    ..........             (no amulet)
HPRegen  0.00/turn              s - ring of see invisible
MPRegen  0.11/turn              (no ring)

@: non-regenerating
A: damage resistance, heal wounds, sense surroundings 2, no regeneration
a: Heal Wounds, Renounce Religion


You were on level 8 of the Dungeon.
You worshipped Makhleb.
Makhleb was aware of your devotion.
You were not hungry.

You visited 2 branches of the dungeon, and saw 9 of its levels.

You collected 478 gold pieces.

Inventory:

Hand Weapons
 a - a +0 war axe (weapon)
 r - a +1 mace of holy wrath
 w - a +0 hunting sling
 x - a +2 hunting sling of flaming
Missiles
 q - 208 stones (quivered) {@Q3}
 G - 6 needles of paralysis
 L - 5 needles of sleeping
 N - 34 sling bullets
Armour
 c - a +1 shield (worn)
 o - a +0 chain mail
 F - a +0 cloak (worn)
 R - a +0 pair of boots (worn)
 T - a +0 plate armour (worn)
Jewellery
 s - a ring of see invisible (left hand)
Wands
 E - a wand of polymorph (10)
Scrolls
 g - 2 scrolls of magic mapping {unknown}
 i - a scroll of enchant armour
 k - 6 scrolls of remove curse {@r3}
 m - a scroll of enchant weapon {unknown}
 v - 5 scrolls of teleportation {unknown}
 y - 2 scrolls of random uselessness {unknown}
 z - 8 scrolls of identify {unknown}
 A - a scroll of fear {unknown}
 I - a scroll of immolation {unknown}
 O - a scroll of fog {unknown}
 P - a scroll of acquirement {unknown}
Potions
 d - 4 potions of might {@q4}
 f - 3 potions of cancellation {unknown}
 h - 2 potions of invisibility {unknown}
 l - 4 potions of lignification {unknown}
 n - 4 potions of heal wounds {unknown}
 p - 2 potions of agility {unknown}
 u - 2 potions of berserk rage {unknown}
 B - 3 potions of curing {unknown}
 D - a potion of resistance {unknown}
 H - a potion of ambrosia {unknown}
 J - a potion of flight {unknown}
 M - a potion of mutation {unknown}
 S - a potion of magic {unknown}
Comestibles
 e - 16 rations
 Q - 5 chunks of flesh


   Skills:
 + Level 4.3 Fighting
 * Level 9.3 Axes
 + Level 5.2 Armour
 + Level 3.8 Dodging
 + Level 5.2 Shields
 + Level 3.6 Invocations
 + Level 4.7 Evocations


You had 8 spell levels left.
You didn't know any spells.
Your spell library was empty.

Dungeon Overview and Level Annotations

Branches:
Dungeon (8/15)             Temple (1/1) D:5
   Lair: D:8-11

Altars:
Ashenzari
Cheibriados
Dithmenos
Elyvilon
Fedhas
Hepliaklqana
Kikubaaqudgha
Makhleb
Nemelex Xobeh
Okawaru
Qazlal
Ru
Sif Muna
Trog
Uskayaw
Vehumet
Wu Jian
Xom
Yredelemnul
Zin
The Shining One

Shops:
D:6 [


Innate Abilities, Weirdness & Mutations

You are resistant to damage.
You can heal yourself by infusing magical energy.
You passively map the area around you.
You do not regenerate.


Message History

The crocodile is almost dead.
The crocodile bites you.
You take 4 damage, and have 44/78 hp.
You closely miss the crocodile.
The crocodile is almost dead.
You block the crocodile's attack.
You completely miss the crocodile.
The crocodile is almost dead.
You block the crocodile's attack.
You slash the crocodile!
You kill the crocodile!
Makhleb accepts your kill.
Some of the chunks of flesh in your inventory have rotted away.
No target in view!
No target in view!
No target in view!
No target in view!
No target in view!
No target in view!
No target in view!
No target in view!
No target in view!
No target in view!
No target in view!
No target in view!
No target in view!
No target in view!
No target in view!
No target in view!
Unknown command.
You butcher the crocodile corpse.
Q - 5 chunks of flesh (gained 3)
The manticore flicks its tail.
The volley of spikes hits you!
The barbed spikes become lodged in your body.
You take 4 damage, and have 40/78 hp.
A manticore is nearby!
A manticore is nearby!
The barbs in your skin will harm you if you move.
Continue?
Okay, then.
You fail to use your ability.
Unknown command.
You feel much better. The manticore bites you!
The manticore claws you but does no damage.
The manticore claws you.
You regained 15 hp, and now have 55/78 hp.
Unknown command.
You barely miss the manticore. The manticore bites you!
The manticore claws you! The manticore completely misses you.
You take 17 damage, and have 38/78 hp.
MASSIVE DAMAGE!!
You hit the manticore but do no damage. The manticore bites you.
The manticore claws you but does no damage.
The manticore claws you.
* * * LOW HITPOINT WARNING * * *
You take 4 damage, and have 34/78 hp.
You barely miss the manticore.
The manticore bites you but does no damage.
The manticore barely misses you. x2
You hit the manticore.
The manticore is lightly wounded.
You block the manticore's attack.
The manticore claws you but does no damage. x2
You closely miss the manticore.
The manticore is lightly wounded.
You carefully extract the barbed spikes from your body.
The manticore bites you.
The manticore claws you but does no damage.
You block the manticore's attack.
You slash the manticore!
The manticore is moderately wounded.
The manticore bites you. You block the manticore's attack.
The manticore claws you but does no damage.
You block the manticore's attack. x2; The manticore barely misses you.
You hit the manticore.
The manticore is heavily wounded.
The manticore barely misses you.
The manticore claws you but does no damage.
The manticore claws you.
You hit the manticore but do no damage.
The manticore is heavily wounded.
The manticore closely misses you. The manticore claws you!
* * * LOW HITPOINT WARNING * * *
The manticore barely misses you.
You take 5 damage, and have 29/78 hp.
You hit the manticore.
The manticore is heavily wounded.
The manticore bites you!
* * * LOW HITPOINT WARNING * * *
You block the manticore's attack. The manticore claws you.
You take 15 damage, and have 14/78 hp.
Your plate armour prevents you from hitting the manticore.
The manticore is heavily wounded.
You block the manticore's attack. The manticore claws you.
* * * LOW HITPOINT WARNING * * *
The manticore claws you but does no damage.
You take 4 damage, and have 10/78 hp.
You slash the manticore!
The manticore is severely wounded.
The manticore bites you!
You die...

· ·▓ ·... ▓
·... · █.█·
· ·█.█ ▓ ··
· ▓▓· ▓ █.█
▓ · · ▓
▓·█.█ ▓ · ·
▓▓ █.█ ·▓▓▓
· ▓ █.█ ·
▓██▲██▲█@█
·
▓......H<█·
·
.....$..█·
........█ ▓
........█ ▓
▓████▲██.█
▓ ▓ █.█ ▓ ▓
█.█ ▓ █.█


You could see a manticore.

Vanquished Creatures
  A spriggan (D:7)
  An ice beast (D:6)
  A black bear (D:7)
  An orc warrior (D:7)
  A phantom (D:4)
  3 ogres
  A centaur (D:5)
  A crocodile (D:8)
  Blork the orc (D:4)
  2 bullfrogs
  2 scorpions
  6 killer bees (D:7)
  3 crimson imps
  A jelly (D:6)
  3 orc priests
  3 hounds
  2 bullfrog skeletons
  3 iguanas
  2 orc wizards (D:4)
  2 worker ants (D:5)
  A hound zombie (D:6)
  A hound skeleton (D:5)
  8 adders
  A shadow imp (D:7)
  An ooze (D:2)
  2 dart slugs
  2 leopard geckos
  17 orcs
  6 giant cockroaches
  7 hobgoblins
  2 jackals (D:7)
  3 quokkas
  3 ball pythons
  4 frilled lizards
  7 goblins
  A jackal skeleton (D:4)
  6 kobolds
  A leopard gecko skeleton (D:6)
  3 rats
116 creatures vanquished.

Vanquished Creatures (others)
  3 fungi (D:8)
  4 plants (D:6)
7 creatures vanquished.

Grand Total: 123 creatures vanquished

Notes
Turn   | Place    | Note
-------+----------+-------------------------------------------
     0 | D:1      | Goblin1989 the Deep Dwarf Fighter began the quest for the
                  | Orb.
     0 | D:1      | Reached XP level 1. HP: 20/20 MP: 1/1
   502 | D:1      | Reached skill level 3 in Axes
   502 | D:1      | Reached XP level 2. HP: 21/27 MP: 2/2
   836 | D:2      | Reached skill level 4 in Axes
   836 | D:2      | Reached XP level 3. HP: 12/33 MP: 3/3
   967 | D:2      | Reached XP level 4. HP: 36/40 MP: 4/4
  1094 | D:2      | Reached skill level 5 in Axes
  1972 | D:3      | Found an ancient bone altar of Kikubaaqudgha.
  1972 | D:3      | Found a sparkling altar of Nemelex Xobeh.
  2235 | D:4      | Noticed an ogre
  2288 | D:4      | Killed an ogre
  2288 | D:4      | Reached skill level 6 in Axes
  2288 | D:4      | Reached XP level 5. HP: 37/46 MP: 4/4
  2313 | D:4      | Found an iron altar of Okawaru.
  2403 | D:4      | Noticed Blork the orc
  2422 | D:4      | Killed Blork the orc
  2422 | D:4      | Reached skill level 7 in Axes
  2422 | D:4      | Reached XP level 6. HP: 40/55 MP: 5/5
  2551 | D:4      | Reached skill level 1 in Evocations
  2615 | D:4      | Reached skill level 1 in Dodging
  2692 | D:4      | Reached XP level 7. HP: 41/62 MP: 4/6
  3092 | D:5      | Entered Level 5 of the Dungeon
  3181 | D:5      | Found a staircase to the Ecumenical Temple.
  3190 | Temple   | Entered the Ecumenical Temple
  3279 | Temple   | Became a worshipper of Makhleb the Destroyer
  3410 | D:5      | Reached skill level 8 in Axes
  3580 | D:5      | Found a stormy altar of Qazlal.
  3734 | D:5      | Reached skill level 1 in Invocations
  3749 | D:5      | Reached XP level 8. HP: 58/69 MP: 8/8
  4440 | D:6      | Found Zujuzxeu's Armour Boutique.
  4597 | D:6      | Found a blossoming altar of Fedhas.
  4811 | D:7      | Reached * piety under Makhleb
  5049 | D:7      | Reached skill level 9 in Axes
  5072 | D:7      | Reached skill level 5 in Armour
  5072 | D:7      | Reached skill level 5 in Shields
  5136 | D:7      | Gained mutation: You passively map the area around you.
                  | [Deep Dwarf growth]
  5136 | D:7      | Reached XP level 9. HP: 50/78 MP: 9/9
  5426 | D:8      | Noticed a manticore
  5482 | D:8      | Slain by a manticore

Skill      XL: |  1  2  3  4  5  6  7  8 |
---------------+-------------------------+-----
Axes           | 3 4 6 7 8 9 |  9.3
Evocations     | 1 2 4 |  4.7
Dodging        | 1 2 3 |  3.8
Fighting       | 3 4 |  4.3
Armour         | 4 5 |  5.2
Shields        | 4 5 |  5.2
Invocations    | 1 3 |  3.6

Action                   |  1- 3 |  4- 6 |  7- 9 || total
-------------------------+-------+-------+-------++-------
Melee: War axe           |    63 |   152 |   321 ||   536
       Unarmed           |       |     9 |       ||     9
 Abil: Heal Wounds       |     1 |     5 |     9 ||    15
  Use: Scroll            |       |     2 |       ||     2
       Potion            |       |     1 |       ||     1
  Eat: Chunk             |       |     3 |     6 ||     9
       Ration            |       |     2 |       ||     2
Armor: Scale mail        |    19 |    16 |       ||    35
       Chain mail        |       |    52 |   144 ||   196
       Plate armour      |       |       |    13 ||    13
Dodge: Dodged            |    18 |    44 |    91 ||   153
Block: Shield            |    28 |    68 |   200 ||   296

Vault maps used:
D:1:      lightli_arrival_chessboard
D:2:      minmay_tiny_reverse_x
D:3:      gammafunk_temple_overflow_wave, first_ration
D:4:      okawaru_ov_weapons_minmay, uniq_blork_the_orc
D:5:      kennysheep_mini_moat, minmay_temple_entry_large_hall,
          serial_park_tiny_pond, hangedman_abyss_or_decor_stagger,
          serial_bayou_ford_a
D:6:      fedhas_altar_decomposition, serial_shops, shop
D:7:      the_bakery
D:8:      due_lair_maze_entry_diamond, uniq_grum, uniq_erica
Temple:   minmay_crystal_spiral_temple
